Selects Indian Artillery Battlegroup
Construct Section Command Post
Selects Towed ML 4.2-inch Heavy Mortar
Construct Platoon Command Post
Unlock M3 Stuart Light Tanks
Selects Off-map Airburst Barrage
6-pounder Anti-tank Gun Team
6-pounder Anti-tank Gun Team
Selects BL5.5 Artillery Emplacement
Selects Gurkha Rifles Section
Construct Field Infirmary
Selects Volunteer Infantry
Construct Company Command Post